 Dungeon Crawl Stone Soup version 0.20.0-15-g7f486f2 (webtiles) character file.

1651 VajrapaniSR the Cleaver (level 8, -5/68 HPs)
             Began as a Deep Dwarf Fighter on June 27, 2017.
             Was a Follower of Makhleb.
             Killed from afar by Agrougrou's ghost (15 damage)
             ... with a lance of force
             ... in an ossuary.
             The game lasted 00:15:25 (1881 turns).

VajrapaniSR the Cleaver (Deep Dwarf Fighter)        Turns: 1881, Time: 00:15:25

Health: -5/68      AC:  9    Str: 22    XL:     8   Next: 68%
Magic:  7/7        EV:  5    Int:  9    God:    Makhleb [*.....]
Gold:   61         SH: 10    Dex: 12    Spells: 7/7 levels left

rFire    . . .     SeeInvis .   a - +0 war axe
rCold    . . .     Gourm    .   c - +1 shield
rNeg     . . .     Faith    .   t - +0 chain mail
rPois    .         Spirit   .   (no helmet)
rElec    .         Reflect  .   (no cloak)
rCorr    .         Harm     .   (no gloves)
MR       +....                  (no boots)
Stlth    ..........             (no amulet)
Regen    0.0/turn               (no ring)
MPRegen  0.1/turn               (no ring)

@: non-regenerating
A: damage resistance, heal wounds, sense surroundings 1, no regeneration
a: Heal Wounds, Renounce Religion


You were in an ossuary.
You worshipped Makhleb.
Makhleb was aware of your devotion.
You were hungry.

You visited 2 branches of the dungeon, and saw 9 of its levels.
You also visited: Ossuary.

You collected 91 gold pieces.
You spent 30 gold pieces at shops.

Inventory:

Hand Weapons
 a - a +0 war axe (weapon)
 s - a cursed -1 broad axe
Armour
 c - a +1 shield (worn)
 t - a +0 chain mail (worn)
Wands
 o - a wand of random effects (22/48)
 r - a wand of confusion (42/48)
Scrolls
 h - 4 scrolls of remove curse
 q - a scroll of fog
Potions
 b - a potion of invisibility {unknown}
 d - a potion of might
 e - a potion of flight {unknown}
 k - a potion of lignification {unknown}
 l - a potion of haste {unknown}
 m - a potion of berserk rage {unknown}
 p - a potion of degeneration {unknown}
Comestibles
 f - 5 bread rations
 g - 3 chunks of flesh
 i - 2 meat rations


   Skills:
 - Level 2.6 Fighting
 + Level 12.0 Axes
 - Level 3.2 Armour
 - Level 3.2 Shields


You had 7 spell levels left.
You didn't know any spells.

Dungeon Overview and Level Annotations

Branches:
Dungeon (8/15)             Temple (1/1) D:4
   Lair: D:8-11

Altars:
Hepliaklqana
Kikubaaqudgha
Makhleb
Nemelex Xobeh
Okawaru
Qazlal
Ru
Sif Muna
Trog
Vehumet
Xom
Zin
The Shining One

Shops:
D:4 (%=   D:5 *(([

Annotations:
Ossuary Agrougrou's ghost, novice DECj


Innate Abilities, Weirdness & Mutations

You are resistant to damage.
You can heal yourself by infusing magical energy.
You passively map a small area around you.
You do not regenerate.


Message History

You slice the hound zombie!!
You destroy the hound zombie!
Makhleb accepts your kill.
You slash the elf zombie! x2
You destroy the elf zombie!
Makhleb accepts your kill.
Your Axes skill increases to level 12!
Agrougrou's ghost hits you but does no damage.
Unknown command.
You closely miss Agrougrou's ghost.
Agrougrou's ghost is heavily damaged.
You barely miss the elf zombie.
The elf zombie hits you but does no damage.
Agrougrou's ghost hits you but does no damage.
You are electrocuted!
* * * LOW HITPOINT WARNING * * *
You fail to use your ability.
The elf zombie hits you.
Agrougrou's ghost gestures at you while chanting.
The lance of force hits you!
You die...

.................
,,
.................
, #...............
,
.##...............
..................
..................
*
..................
∩
.......Z..∩.......
,
.......@M.∩.......
,
........W.........
, * ,
..................
,
..................
, * ,
.##...............
, , ,
#............... *
................,,
.............., ,
* , ,


You could see a mummy, Agrougrou's ghost and an elf zombie.

Vanquished Creatures
  Pikel (D:4)
  A hungry ghost (D:8)
  An ice beast (D:6)
  An orc warrior (D:8)
  A phantom (D:6)
  A centaur (D:6)
  An ogre (D:4)
  A bullfrog (D:8)
  An elf zombie (Ossuary)
  A howler monkey (D:4)
  A centaur zombie (D:6)
  2 orc priests (D:4)
  A centaur skeleton (D:4)
  An orc wizard (D:8)
  4 worker ants
  A big kobold zombie (Ossuary)
  4 hound zombies
  A hound skeleton (D:6)
  3 gnolls (D:6)
  4 adders
  An ooze (D:6)
  An adder zombie (Ossuary)
  2 leopard geckos
  8 orcs
  A bat (D:3)
  3 giant cockroaches
  A gnoll zombie (Ossuary)
  4 goblins
  5 hobgoblins
  10 jackals
  A quokka (D:3)
  A ball python (D:1)
  2 frilled lizards (D:2)
  A goblin zombie (Ossuary)
  2 jackal zombies (Ossuary)
  A kobold zombie (Ossuary)
  2 rats
78 creatures vanquished.

Notes
Turn   | Place    | Note
-------+----------+-------------------------------------------
     0 | D:1      | VajrapaniSR the Deep Dwarf Fighter began the quest for the Orb.
     0 | D:1      | Reached XP level 1. HP: 20/20 MP: 1/1
   143 | D:1      | Reached skill level 3 in Axes
   165 | D:1      | Reached XP level 2. HP: 25/27 MP: 2/2
   288 | D:2      | Reached XP level 3. HP: 28/33 MP: 3/3
   507 | D:3      | Reached skill level 4 in Axes
   598 | D:4      | Found Xotukhlaa's Antique Weapon Shoppe.
   601 | D:4      | Reached XP level 4. HP: 31/40 MP: 4/4
   603 | D:4      | Reached skill level 5 in Axes
   629 | D:4      | Found Kafat's Food Boutique.
   653 | D:4      | Noticed a slave
   654 | D:4      | Noticed Pikel
   654 | D:4      | Noticed a slave
   654 | D:4      | Noticed a slave
   654 | D:4      | Noticed a slave
   676 | D:4      | Killed Pikel
   676 | D:4      | Reached skill level 8 in Axes
   676 | D:4      | Reached XP level 5. HP: 36/46 MP: 4/4
   676 | D:4      | Reached XP level 6. HP: 43/55 MP: 5/5
   676 | D:4      | Reached XP level 7. HP: 47/61 MP: 6/6
   712 | D:4      | Found Maucoist's Jewellery Emporium.
   777 | D:4      | Found a staircase to the Ecumenical Temple.
   834 | Temple   | Entered the Ecumenical Temple
   875 | Temple   | Became a worshipper of Makhleb the Destroyer
   936 | D:4      | Reached skill level 9 in Axes
   978 | D:5      | Entered Level 5 of the Dungeon
  1090 | D:5      | Found Kifemiq's Weapon Shop.
  1098 | D:5      | Bought a cursed -1 broad axe for 1 gold piece
  1122 | D:5      | Found a bloodstained altar of Trog.
  1125 | D:5      | Found a shimmering altar of Xom.
  1143 | D:5      | Found Xoluofuo's Weapon Shoppe.
  1176 | D:5      | Found Emneil's Antique Armour Shop.
  1267 | D:5      | Found Sonujoty's Assorted Antiques.
  1275 | D:5      | Bought a scroll labeled URAEHO ITINEGO for 29 gold pieces
  1352 | D:6      | Reached skill level 10 in Axes
  1397 | D:6      | Reached XP level 8. HP: 18/68 MP: 7/7
  1701 | D:7      | You fall through a shaft!
  1735 | D:8      | Reached skill level 11 in Axes
  1814 | D:8      | Found a sand-covered staircase.
  1858 | Ossuary  | Entered an ossuary
  1858 | Ossuary  | Noticed Agrougrou's ghost (novice DECj)
  1869 | Ossuary  | Reached * piety under Makhleb
  1875 | Ossuary  | HP: 3/68 [elf zombie collision (9)]
  1878 | Ossuary  | Reached skill level 12 in Axes
  1881 | Ossuary  | Killed from afar by Agrougrou's ghost

Skill      XL: |  1  2  3  4  5  6  7  8 |
---------------+-------------------------+-----
Axes           | 3 4 8 10 12 | 12.0
Fighting       | |  2.6
Armour         | |  3.2
Shields        | |  3.2

Action                   |  1- 3 |  4- 6 |  7- 9 || total
-------------------------+-------+-------+-------++-------
Melee: War axe           |    82 |    26 |   165 ||   273
 Abil: Heal Wounds       |       |     1 |     8 ||     9
  Use: Scroll            |       |       |     9 ||     9
  Eat: Chunk             |       |       |     6 ||     6
       Fruit             |       |       |     3 ||     3
Armor: Scale mail        |    34 |     2 |    26 ||    62
       Chain mail        |       |       |    69 ||    69
Dodge: Dodged            |    30 |    10 |    45 ||    85
Block: Shield            |    43 |    12 |   108 ||   163
